 Dungeon Crawl Stone Soup version 0.30-a0-808-g6e0788376e (webtiles) character file.

Game seed: 16096231745673693612

16576 demibob the Impaler (level 12, -2/86 HPs)
             Began as a Merfolk Gladiator on Feb 25, 2023.
             Was an Initiate of Gozag.
             Succumbed to a cane toad's poison
             ... on level 9 of the Dungeon.
             The game lasted 00:29:29 (12795 turns).

demibob the Impaler (Merfolk Gladiator)            Turns: 12795, Time: 00:29:30

Health: -2/86      AC: 11    Str: 18    XL:     12   Next: 39%
Magic:  12/12      EV: 15    Int:  9    God:    Gozag
Gold:   463        SH:  5    Dex: 19    Spells: 11/11 levels left

rFire   . . .      SeeInvis +    a - +2 halberd (pain)
rCold   . . .      Faith    .    (shield currently unavailable)
rNeg    . . .      Spirit   .    p - +0 swamp dragon scales of a sewer {Fly rPois Str+4}
rPois   +          Reflect  +    c - +0 helmet
rElec   .          Harm     .    (no cloak)
rCorr   .          Rampage  .    (no gloves)
Will    .....                    o - +0 pair of boots
Stlth   +                        t - amulet of reflection
HPRegen 0.34/turn                v - ring of see invisible
MPRegen 0.13/turn                (no ring)

@: lethally poisoned (-2 -> -17), weak-willed, flying, studying Maces & Flails
A: (nimble swimmer 2), mertail
a: Renounce Religion, Potion Petition, Call Merchant, Bribe Branch


You were on level 9 of the Dungeon.
You worshipped Gozag.
Gozag was aware of your devotion.
You visited 3 branches of the dungeon, and saw 14 of its levels.
You also visited: Bailey.

You collected 2259 gold pieces.
You spent 156 gold pieces at shops.
You paid 1640 gold pieces to Gozag.


Innate Abilities, Weirdness & Mutations

((You are very nimble when in or above water. (Stealth+, EV+, Speed+++)))
Your lower body shifts to a powerful aquatic tail in water.


   Skills:
 + Level 5.4 Fighting
 - Level 16.0(16.7) Polearms
 - Level 5.3(8.6) Staves
 - Level 2.0 Throwing
 - Level 4.9 Armour
 - Level 7.5 Dodging
 + Level 9.0 Necromancy
 - Level 2.2 Evocations


You had 11 spell levels left.
You didn't know any spells.
Your spell library contained the following spells:

 Spells                   Type           Power      Damage    Failure   Level
 Magic Dart               Conj           0%         1d3       56%         1
 Call Imp                 Summ           0%         N/A       71%         2
 Mephitic Cloud           Conj/Pois/Air  0%         N/A       90%         3
 Ozocubu's Armour         Ice            0%         N/A       90%         3
 Ozocubu's Refrigeration  Ice            0%         4d7       100%        7

Inventory:

Hand Weapons
 a - a +2 halberd of pain (weapon)
 h - a +1 trident
 r - a +3 heavy glaive
Missiles
 d - 3 throwing nets (quivered) {=f}
 e - a javelin
 m - 4 atropa-tipped darts
Armour
 c - a +0 helmet (worn)
 j - +1 acid dragon scales
 o - a +0 pair of boots (worn)
 p - the +0 swamp dragon scales of a sewer (worn) {Fly rPois Str+4}
   (You took it off a spriggan in a bailey)

   Str:       It affects your strength (+4).
   rPois:     It protects you from poison.
   Fly:       It grants you flight.
 y - a +0 cloak
Jewellery
 n - an amulet of the acrobat
 t - an amulet of reflection (around neck)
 v - a ring of see invisible (left hand)
 P - a ring of poison resistance
Wands
 A - a wand of flame (11)
 B - a wand of paralysis (3)
 C - a wand of roots (4)
Scrolls
 i - 5 scrolls of identify {@r1}
 k - 6 scrolls of teleportation {@r2}
 D - 2 scrolls of vulnerability
Potions
 b - 2 potions of curing {@q1}
 f - 3 potions of haste {@q3}
 g - 4 potions of mutation
 l - 2 potions of flight
 q - 3 potions of lignification
 s - 2 potions of attraction
 u - a potion of degeneration
 w - a potion of cancellation
 x - 4 potions of brilliance
Miscellaneous
 z - a condenser vane (inert)

Dungeon Overview and Level Annotations

Branches:
Dungeon (12/15)            Temple (1/1) D:5            Lair (1/5) D:9
    Orc (0/2) D:11         Bailey (visited)

Altars:
Ashenzari
Cheibriados
Dithmenos
Elyvilon
Fedhas
Gozag
Hepliaklqana
Kikubaaqudgha
Makhleb
Okawaru
Qazlal
Ru
Sif Muna
Trog
Uskayaw
Vehumet
Wu Jian
Xom
Yredelemnul
Zin
The Shining One

Shops:
D:1 *   D:6 *   D:7 (   D:9 =   D:10 *

Annotations:
D:8 2 transporters, sirJeffrey23's ghost, novice DsFi
D:11 exclusion: orange crystal statue
Temple 2 transporters

...⚑.........#####.### #.....
.....##..............#######...#.
#########.......####...........#.
# #.####### #########..... #
###.# ############..
######...##########......Fhhh...
##......####.........##########..
...###### #.##.##############..#
#### #)##.@..............##
###▒▒▒)▒▒▒▒##########.##..#
#######..▒......▒ #.###..
#.......#▒.~≈~≈.▒#### #># ##.
..#######▒.≈≈≈~.▒...# #)# ## .##
▒.~≈≈~.▒##.#######=# .# ▒.~≈≈~.▒
#.........# .# ▒.~≈≈~.▒
########### .# ▒.~≈≈~.▒


There were no monsters in sight!


Message History

The wolf attacks as you move away! You block the wolf's attack.
The blink frog blinks!
The blink frog blinks!
As you read the scroll labelled VUSTUK USHEACK, it crumbles to dust.
Magic quickly surges around you.
It was a scroll of vulnerability.
The cane toad closely misses you. You block the wolf's attack.
The cane toad stings you but does no damage.
You block the wolf's attack. The cane toad attacks as you move away!
The cane toad closely misses you.
The blink frog blinks!
You block the wolf's attack. You block the cane toad's attack.
The wolf attacks as you move away! You block the wolf's attack.
The wolf bites you.
* * * LOW HITPOINT WARNING * * *
The wolf closely misses you. The cane toad attacks as you move away!
You block the cane toad's attack. The wolf attacks as you move away!
The wolf bites you but does no damage. x2
The cane toad attacks as you move away! The cane toad misses you.
The wolf attacks as you move away! The wolf bites you.
* * * LOW HITPOINT WARNING * * *
The blink frog blinks!
You block the cane toad's attack.
As you read the scroll of teleportation {@r2}, it crumbles to dust.
You feel strangely unstable. You block the cane toad's attack.
The cane toad attacks as you move away! The cane toad stings you!
* * * LOW HITPOINT WARNING * * *
You are lethally poisoned!
The cane toad poisons you!
Your surroundings suddenly seem different.
You die...
Your body crumbles into a pile of gold.

Skill      XL: |  1  2  3  4  5  6  7  8  9 10 11 12 |
---------------+-------------------------------------+-----
Polearms       | 5 6 7 8 10 11 13 15 16 | 16.0
Dodging        | 7 |  7.5
Necromancy     | 4 7 8 9 |  9.0
Evocations     | 2 |  2.2
Armour         | 2 4 |  4.9
Staves         | 3 5 |  5.3
Fighting       | 4 5 |  5.4
Throwing       | |  2.0

Action                     |  1- 3 |  4- 6 |  7- 9 | 10-12 || total
---------------------------+-------+-------+-------+-------++-------
  Melee: Trident           |   107 |   224 |   137 |       ||   468
         Punch             |       |     1 |       |       ||     1
         Halberd           |       |       |   160 |   609 ||   769
 Invoke: Call Merchant     |       |       |       |     2 ||     2
  Evoke: Wand              |       |       |    10 |    17 ||    27
         Condenser vane    |       |       |       |     1 ||     1
    Use: Scroll            |     3 |     7 |    12 |     5 ||    27
         Potion            |       |       |     5 |     3 ||     8
   Stab: Sleeping          |     2 |     3 |     2 |       ||     7
         Distracted        |       |     1 |     1 |    12 ||    14
 Armour: Leather armour    |    27 |    50 |     5 |       ||    82
         Acid dragon scale |       |       |    28 |     5 ||    33
         Swamp dragon scal |       |       |       |   106 ||   106
  Dodge: Dodged            |    56 |   119 |   113 |   372 ||   660
  Block: Other             |       |       |    34 |   123 ||   157
         Reflection        |       |       |     3 |     5 ||     8

Levels and vault maps discovered:
D:1:      saegor_arrival_simple_d, layout_basic, serial_shops, shop,
          minmay_box_of_dots
D:2:      layout_loops_ring, shapermc_ecumenical_altar_mp_urbaneastern
D:3:      minmay_razor_zed, layout_rooms, serial_bayou_lagoon_a
D:4:      layout_basic, grunt_temple_overflow_growth_and_decay,
          minmay_manual_mares
D:5:      layout_rooms, lemuel_tele_altar, nicolae_vehumet_radiance,
          mainiacjoe_overflow_catwalk_spiral, minmay_temple_entry_junction,
          minivault_5, serial_park_tiny_1
D:6:      layout_rooms, mainiacjoe_overflow_alcove_4, zin_purify, uniq_maggie
D:7:      layout_basic, eat_drink_and_be_merry_uskayaw, serial_shops,
          nicolae_shop_trees, kennysheep_another_room, the_hattery
D:8:      layout_loops_ring, gammafunk_ghost_hive, enter_bailey_3, st_stairs_2
D:9:      layout_rooms, bloody_makhleb, nicolae_wu_jian_glorious_leap,
          erik_lair_island, nrook_pool_corridor
D:10:     layout_roguey
D:11:     layout_rooms, david_orc_2, minmay_protected_statue
D:12:     layout_stronghold, kennysheep_slug_shrine, uniq_kirke
Temple:   hellmonk_temple_divided_pantheon
Lair:1:   layout_gridlike, grunt_forest_large_clearings, lemuel_fruit_fields

Notes
Turn   | Place    | Note
-------+----------+-------------------------------------------
     0 | D:1      | demibob the Merfolk Gladiator began the quest for the Orb.
     0 | D:1      | Reached XP level 1. HP: 16/16 MP: 1/1
   172 | D:1      | Reached XP level 2. HP: 21/22 MP: 2/2
   240 | D:1      | Reached skill level 5 in Polearms
   382 | D:1      | Reached XP level 3. HP: 23/27 MP: 3/3
   881 | D:1      | Found Japer's General Store.
   889 | D:1      | Bought a scroll of identify for 24 gold pieces
   889 | D:1      | Bought a scroll of identify for 24 gold pieces
  1219 | D:2      | Reached skill level 6 in Polearms
  1257 | D:2      | Found a faded altar of an unknown god.
  1408 | D:2      | Reached XP level 4. HP: 28/33 MP: 4/4
  1887 | D:3      | Reached skill level 7 in Polearms
  2045 | D:3      | Reached XP level 5. HP: 38/38 MP: 5/5
  2884 | D:4      | Found an ancient bone altar of Kikubaaqudgha.
  2886 | D:4      | Found a blossoming altar of Fedhas.
  3020 | D:4      | Noticed a centaur
  3023 | D:4      | Noticed a centaur
  3032 | D:4      | Killed a centaur
  3033 | D:4      | Reached skill level 8 in Polearms
  3033 | D:4      | Reached XP level 6. HP: 34/44 MP: 6/6
  3044 | D:4      | Reached skill level 9 in Polearms
  3546 | D:1      | Bought a potion of might for 48 gold pieces
  3546 | D:1      | Bought a potion of heal wounds for 60 gold pieces
  3649 | D:5      | Entered Level 5 of the Dungeon
  3650 | D:5      | Found an iron altar of Okawaru.
  3653 | D:5      | Found a snail-covered altar of Cheibriados.
  3815 | D:5      | Found a shimmering blue altar of Sif Muna.
  3907 | D:5      | Reached skill level 10 in Polearms
  3914 | D:5      | Reached XP level 7. HP: 35/50 MP: 7/7
  3917 | D:5      | Noticed a wraith
  3944 | D:5      | Killed a wraith
  3945 | D:5      | Reached skill level 11 in Polearms
  4300 | D:5      | Found a radiant altar of Vehumet.
  4438 | D:5      | Found a staircase to the Ecumenical Temple.
  4448 | Temple   | Entered the Ecumenical Temple
  4448 | Temple   | Found a transporter.
  4448 | Temple   | Found a transporter.
  4450 | Temple   | Found a transporter.
  4450 | Temple   | Found a transporter.
  4811 | Temple   | Became a worshipper of Gozag Ym Sagoz the Greedy
  4971 | D:6      | Reached XP level 8. HP: 51/56 MP: 8/8
  4983 | D:6      | Reached skill level 12 in Polearms
  4986 | D:6      | Reached skill level 5 in Dodging
  5077 | D:6      | Reached skill level 6 in Dodging
  5264 | D:6      | Noticed Maggie
  5295 | D:5      | HP: 5/56 [poisoned by a scorpion]
  5491 | D:6      | Killed Maggie
  5492 | D:6      | Reached skill level 13 in Polearms
  5492 | D:6      | Reached skill level 7 in Dodging
  5559 | D:6      | Reached XP level 9. HP: 61/61 MP: 9/9
  5575 | D:6      | Reached skill level 1 in Necromancy
  5728 | D:6      | Reached skill level 2 in Necromancy
  5924 | D:6      | Found a basalt altar of Yredelemnul.
  5963 | D:6      | Found Zin's Purification Station.
  5968 | D:6      | Found a glowing silver altar of Zin.
  6215 | D:7      | Reached skill level 14 in Polearms
  6221 | D:7      | Reached skill level 3 in Necromancy
  6619 | D:7      | Found Fazel's Antique Weapon Emporium.
  6686 | D:7      | Reached skill level 4 in Necromancy
  6890 | D:7      | Found a hide-covered altar of Uskayaw.
  7028 | D:8      | Reached skill level 15 in Polearms
  7031 | D:8      | Reached XP level 10. HP: 63/67 MP: 10/10
  7073 | D:8      | Found a flagged portal.
  7080 | Bailey   | Entered a bailey
  7087 | Bailey   | Reached skill level 5 in Necromancy
  7166 | Bailey   | Noticed a two-headed ogre
  7189 | Bailey   | Killed a two-headed ogre
  7190 | Bailey   | Reached skill level 16 in Polearms
  7190 | Bailey   | Reached skill level 6 in Necromancy
  7381 | Bailey   | Reached skill level 1 in Evocations
  7457 | Bailey   | Identified the +0 swamp dragon scales of a sewer {Fly rPois
                  | Str+4}
  7469 | Bailey   | Reached skill level 2 in Evocations
  7821 | D:8      | Reached skill level 1 in Armour
  7913 | D:8      | Found a transporter.
  7917 | D:8      | Found a transporter.
  7918 | D:8      | Noticed sirJeffrey23's ghost (novice DsFi)
  8410 | D:9      | Found a burning altar of Makhleb.
  8411 | D:9      | >>lol wtf
  8522 | D:9      | Reached skill level 2 in Armour
  8524 | D:9      | Reached skill level 7 in Necromancy
  8652 | D:9      | Identified the +0 robe "Roet Ira" {rElec rF+ Dex+6}
  8757 | D:9      | Found an ornate altar of the Wu Jian Council.
  8839 | D:9      | Reached XP level 11. HP: 72/72 MP: 11/11
  8954 | D:9      | Reached skill level 3 in Armour
  8959 | D:9      | Found a staircase to the Lair.
  9605 | D:10     | Entered Level 10 of the Dungeon
  9708 | Lair:1   | Entered Level 1 of the Lair of Beasts
  9800 | D:9      | Reached skill level 8 in Necromancy
  9908 | D:9      | Reached skill level 4 in Armour
 10136 | D:9      | Reached skill level 1 in Staves
 10338 | D:9      | Reached skill level 3 in Fighting
 10338 | D:9      | Reached skill level 2 in Staves
 10631 | D:10     | Noticed a sixfirhy
 11261 | D:10     | Reached skill level 3 in Staves
 11397 | D:10     | Noticed a manticore
 11411 | D:10     | Killed a manticore
 11553 | D:11     | Reached skill level 4 in Fighting
 11564 | D:11     | You are sucked into a shaft and drop 1 floor!
 11588 | D:11     | Noticed a two-headed ogre
 11599 | D:11     | Killed a two-headed ogre
 11600 | D:11     | Reached XP level 12. HP: 64/83 MP: 12/12
 11905 | D:11     | Reached skill level 4 in Staves
 11967 | D:11     | Noticed a boulder beetle
 11995 | D:11     | Killed a boulder beetle
 12073 | D:11     | Noticed a two-headed ogre
 12080 | D:11     | Killed a two-headed ogre
 12136 | D:11     | Reached skill level 5 in Fighting
 12198 | D:11     | Found a staircase to the Orcish Mines.
 12280 | D:11     | Noticed a boulder beetle
 12291 | D:11     | Killed a boulder beetle
 12292 | D:11     | Reached skill level 5 in Staves
 12420 | D:11     | Reached skill level 9 in Necromancy
 12795 | D:9      | HP: 2/86 [cane toad (13)]
 12795 | D:9      | Succumbed to a cane toad's poison

Vanquished Creatures
  3 two-headed ogres
  2 boulder beetles (D:11)
  An ugly thing (D:11)
  A manticore (D:10)
  Maggie (D:6)
  A komodo dragon (D:10)
  A cane toad (D:9)
  A kobold demonologist (D:9)
  2 trolls
  3 blink frogs (D:9)
  6 spriggans
  A shadow (D:11)
  A vampire (D:11)
  6 yaks
  2 wraiths
  A wyvern (D:7)
  3 steam dragons
  2 water moccasins (D:8)
  6 orc warriors
  A sky beast (D:7)
  9 ogres
  2 black bears
  33 wolves (D:9)
  4 centaurs
  A phantom (D:6)
  3 kobold brigands
  4 bullfrogs
  4 scorpions
  A gnoll sergeant (D:6)
  8 wights
  6 killer bees (D:8)
  10 howler monkeys
  4 electric eels (D:9)
  11 hounds
  2 jellies
  6 orc priests
  An iguana (D:6)
  8 orc wizards
  5 adders
  7 gnolls
  A shadow imp (D:7)
  A white imp (D:6)
  2 ufetubi (D:4)
  2 dart slugs
  49 orcs
  5 bats
  6 endoplasms
  3 giant cockroaches
  16 goblins
  10 hobgoblins
  4 jackals (D:4)
  23 kobolds
  2 quokkas
  5 ball pythons
  3 frilled lizards
  7 rats
313 creatures vanquished.

Vanquished Creatures (others)
  A fungus (Lair:1)
  4 plants
5 creatures vanquished.

Grand Total: 318 creatures vanquished

Table legend: (Time is in decaauts)
 A = Elapsed time spent in this place.
 B = Non-inter-level travel time spent in this place.
 C = Inter-level travel time spent in this place.
 D = Time resting spent in this place.
 E = Time spent auto-exploring this place.
 F = Levels seen in this place.
 G = Mean time per level.
                   A        B        C        D        E       F      G
               +--------+--------+--------+--------+--------+-----+--------+
         Total |  12457 |  11590 |    867 |   2212 |   6874 |  15 |  830.5 |
       Dungeon |  11891 |  11063 |    828 |   1979 |   6784 |  12 |  990.9 |
        Temple |     62 |     24 |     38 |      0 |      5 |   1 |   62.0 |
          Lair |     24 |     24 |      0 |      0 |      0 |   1 |   24.0 |
        Bailey |    478 |    478 |      0 |    233 |     85 |   1 |  478.0 |
               +--------+--------+--------+--------+--------+-----+--------+

Top non-repeatable levels by time:
     D:9: 2261 daAuts
     D:5: 1566 daAuts
     D:1: 1091 daAuts
     D:8: 941 daAuts
    D:11: 917 daAuts
     D:6: 917 daAuts
     D:3: 906 daAuts
    D:10: 899 daAuts
     D:2: 834 daAuts
     D:4: 800 daAuts
     D:7: 731 daAuts
  Bailey: 478 daAuts
  Temple: 62 daAuts
  Lair:1: 24 daAuts
    D:12: 23 daAuts

Table legend:
 A = Non-vault XP
 B = Vault XP
 C = Vault XP percentage of total XP
 D = Non-vault monster count
 E = Vault monster count
 F = Vault count percentage of total count
                 A         B        C        D         E       F
            +---------+---------+-------+---------+---------+-------
      Total |   16204 |    7476 |  31.6 |     239 |      74 |  23.6
            +---------+---------+-------+---------+---------+-------
        D:1 |      29 |       8 |  21.6 |      16 |       4 |  20.0
        D:2 |      63 |       0 |   0.0 |      17 |       0 |   0.0
        D:3 |      76 |      14 |  15.6 |      16 |       9 |  36.0
        D:4 |      56 |     224 |  80.0 |      20 |       2 |   9.1
        D:5 |     807 |       0 |   0.0 |      24 |       0 |   0.0
        D:6 |    1260 |     437 |  25.8 |      25 |       1 |   3.8
        D:7 |    1276 |     224 |  14.9 |      20 |       1 |   4.8
        D:8 |    1031 |     230 |  18.2 |      19 |       6 |  24.0
        D:9 |    4410 |    3600 |  44.9 |      47 |      32 |  40.5
       D:10 |    2027 |       0 |   0.0 |      20 |       0 |   0.0
       D:11 |    5169 |      21 |   0.4 |      15 |       7 |  31.8
     Bailey |       0 |    2718 | 100.0 |       0 |      12 | 100.0
            +---------+---------+-------+---------+---------+-------
